 Dungeon Crawl Stone Soup version 0.29-a0-563-g64e4043184 (webtiles) character file.

Game seed: 7981567317382245983

28234 porpoise the Spear-Bearer (level 13, -4/104 HPs)
             Began as a Demonspawn Fighter on June 12, 2022.
             Was an Initiate of Yredelemnul.
             Killed by divine providence
             ... invoked by an orc high priest
              (14 damage)
             ... on level 2 of the Orcish Mines.
             The game lasted 01:20:23 (14937 turns).

porpoise the Spear-Bearer (Demonspawn Fighter)     Turns: 14937, Time: 01:20:26

Health: -4/104     AC: 29    Str: 23    XL:     13   Next: 8%
Magic:  0/20       EV: 12    Int:  9    God:    Yredelemnul [......]
Gold:   393        SH: 15    Dex: 18    Spells: 12/21 levels left

rFire   + . .      SeeInvis +   a - +11 hand axe "Leoc Zie" {flame, *Corrode Will+ Dex+3}
rCold   . . .      Faith    .   c - +1 buckler
rNeg    . . .      Spirit   +   f - +7 scale mail "Zolef" {rCorr Dex+3 SInv}
rPois   .          Reflect  .   G - +1 hat {Stlth+}
rElec   .          Harm     .   n - +2 cloak
rCorr   +          Rampage  .   q - +0 pair of gloves
Will    ++...                   K - +0 pair of boots
Stlth   +.........              l - brooch of Shielding {Spirit SH+8}
HPRegen 0.27/turn               x - ring of willpower
MPRegen 0.17/turn               h - +4 ring of protection

@: no status effects
A: horns 2, molten scales 3, spiny 2
a: Renounce Religion, Recall Undead Harvest


You were on level 2 of the Orcish Mines.
You worshipped Yredelemnul.
Yredelemnul was aware of your devotion.
You visited 4 branches of the dungeon, and saw 15 of its levels.
You also visited: Gauntlet and Volcano.

You collected 1464 gold pieces.
You spent 1071 gold pieces at shops.

Inventory:

Hand Weapons
 a - the +11 hand axe "Leoc Zie" (weapon) {flame, *Corrode Will+ Dex+3}
   (You found it on level 2 of the Dungeon)

   It burns those it strikes, dealing additional fire damage.
   Big, fiery blades are also staple armaments of hydra-hunters.
   Dex:       It affects your dexterity (+3).
   *Corrode:  It may corrode you when you take damage.
   Will:      It increases your willpower.
 b - a +1 hunting sling of electrocution
 w - a +0 trident
Armour
 c - a +1 buckler (worn)
 f - the +7 scale mail "Zolef" (worn) {rCorr Dex+3 SInv}
   (You bought it in a shop on level 8 of the Dungeon)

   Dex:       It affects your dexterity (+3).
   SInv:      It lets you see invisible.
   rCorr:     It protects you from acid and corrosion.
 n - a +2 cloak (worn)
 q - a +0 pair of gloves (worn)
 G - a +1 hat of stealth (worn)
 K - a +0 pair of boots (worn)
Jewellery
 h - a +4 ring of protection (right hand)
 l - the brooch of Shielding (around neck) {Spirit SH+8}
   (You found it on level 4 of the Dungeon)

   [amulet of guardian spirit]

   It causes incoming damage to be divided between your reserves of health and
   magic.
   SH:        It affects your SH (+8).
 x - a ring of willpower (left hand)
Wands
 B - a wand of acid (4)
 L - a wand of iceblast (18)
 W - a wand of mindburst (6)
 X - a wand of flame (6)
 Y - a wand of digging (3)
Scrolls
 g - a scroll of fog
 y - 7 scrolls of teleportation
 A - a scroll of fear
 Q - a scroll of poison
 T - a scroll of blinking
Potions
 d - a potion of flight
 j - a potion of haste {unknown}
 k - 8 potions of curing
 z - 4 potions of ambrosia
 D - 2 potions of cancellation
 H - a potion of attraction
 I - a potion of resistance
 S - 3 potions of lignification
Miscellaneous
 M - a tin of tremorstones (inert)


   Skills:
 + Level 10.5 Fighting
 + Level 7.0(10.5) Axes
 - Level 12.2(13.0) Polearms
 - Level 5.0 Armour
 - Level 5.0 Dodging
 - Level 5.0 Shields
 + Level 4.8 Spellcasting
 - Level 9.0 Invocations
 - Level 5.0 Evocations


You had 12 spell levels left.
You knew the following spells:

 Your Spells              Type           Power      Damage    Failure   Level
a - Anguish               Hex/Necr       1%         N/A       100%        4
k - Blink                 Tloc           4%         N/A       75%         2
p - Portal Projectile     Hex/Tloc       4%         N/A       93%         3

Your spell library contained the following spells:

 Spells                   Type           Power      Damage    Failure   Level
 Apportation              Tloc           4%         N/A       61%         1
 Sting                    Tmut/Pois      8%         1d3       61%         1
 Poisonous Vapours        Pois/Air       4%         N/A       75%         2
 Static Discharge         Conj/Air       2%         N/A       75%         2
 Call Canine Familiar     Summ           2%         N/A       93%         3
 Dazzling Flash           Conj/Hex       4%         N/A       93%         3
 Lesser Beckoning         Tloc           2%         N/A       93%         3
 Tukima's Dance           Hex            2%         N/A       93%         3
 Dispel Undead            Necr           2%         3d7       100%        4
 Leda's Liquefaction      Hex/Erth       1%         N/A       100%        4
 Olgreb's Toxic Radiance  Pois           2%         N/A       100%        4
 Passage of Golubria      Tloc           2%         N/A       100%        4
 Sticky Flame             Conj/Fire      2%         2d3       100%        4
 Agony                    Necr           2%         N/A       100%        5
 Alistair's Intoxication  Tmut/Pois      1%         N/A       100%        5
 Blade Hands              Tmut           1%         N/A       100%        5
 Fireball                 Conj/Fire      1%         3d3       100%        5
 Lee's Rapid Deconstruct  Erth           1%         3d5*      100%        5
 Manifold Assault         Tloc           2%         N/A       100%        5
 Silence                  Hex/Air        1%         N/A       100%        5
 Yara's Violent Unravell  Hex/Tmut       1%         3d3       100%        5
 Starburst                Conj/Fire      1%         6d3       100%        6
 Statue Form              Tmut/Erth      1%         N/A       100%        6
 Enfeeble                 Hex            1%         N/A       100%        7
 Ignition                 Fire           1%         3d3       100%        8


Dungeon Overview and Level Annotations

Branches:
Dungeon (11/15)            Temple (1/1) D:6            Lair (1/6) D:11
    Orc (2/2) D:9             Elf (0/3) Orc:2       Volcano (visited)
Gauntlet (visited)

Altars:
Cheibriados
Dithmenos
Elyvilon
Fedhas
Gozag
Hepliaklqana
Kikubaaqudgha
Makhleb
Nemelex Xobeh
Qazlal
Ru
Trog
Uskayaw
Vehumet
Wu Jian
Xom
Yredelemnul
The Shining One
Beogh

Shops:
D:7 *   D:8 [   Orc:2 [

Annotations:
D:4 3 runed translucent doors, snackwell's ghost, amateur MfTm


Innate Abilities, Weirdness & Mutations

You have a pair of horns on your head.
You are completely covered in molten scales. (AC +4, rF+)
You are mostly covered in sharp spines.


Message History

The orc high priest is heavily wounded.
The bolt of acid hits the orc high priest!!
You kill the orc high priest!
The rust devil disappears in a puff of smoke!
The smoke demon disappears in a puff of smoke!
The ynoxinul disappears in a puff of smoke!
The ufetubus disappears in a puff of smoke! x4
The sun demon is struck by your spines. The sun demon hits you.
You are engulfed in flames!
You resist.
The orc high priest hits you with a +0 short sword.
* * * LOW HITPOINT WARNING * * *
The orc priest looks satisfied for a moment.
The orc priest calls down the wrath of Beogh upon you.
Beogh smites you!
* * * LOW HITPOINT WARNING * * *
Your base Axes skill increases to level 7!
Okay, then.
You swap places.
The sun demon hits your orc zombie.
Your orc zombie is engulfed in flames!
Your orc zombie is destroyed!
The orc priest mumbles some strange prayers to Beogh against something.
Beogh smites you!
* * * LOW HITPOINT WARNING * * *
Your orc high priest zombie hits the orc high priest but does no damage.
Blink to where?
Press: ? - help, Dir - move target
As you read the scroll of blinking, it crumbles to dust.
Your orc high priest zombie hits the orc high priest.
As you read the scroll of fog, it crumbles to dust.
The scroll dissolves into smoke.
Something hits your orc high priest zombie.
You feel a bit more experienced.
You can no longer trade souls for undead servants.
An orc comes into view. It is wielding a +0 hand axe.
An orc priest comes into view.
It is wielding a +2 flail of holy wrath.
An orc comes into view. It is wielding a +0 short sword.
The orc high priest calls down the wrath of Beogh upon you.
Beogh smites you!
You die...
Your body rises from the dead as a mindless zombie.

#.....#. .<......
#....... ##...... .
#...#... .. ... #...#...
..###############....
...
.....§§§§§§..........
...
.....§§§§o§..@.......
...
#.###.###§#######..#####
... #.# #.# #.# .#..#
... #.###.###o# ..#..#
#.......Z§# ... ..#
#.###.###o###'###.o# #.#
#.# #).§oo.....# ..# #.#
#Z)8o..8..oo
))###.###).§ooo..


You could see an orc high priest, an orc priest and 2 orcs.

Vanquished Creatures
  Gastronok (D:8)
  A minotaur (Gauntlet)
  A fire dragon (Volcano)
  Harold (Lair:1)
  2 hydras
  A catoblepas (Gauntlet)
  3 two-headed ogres
  3 orc high priests (Orc:2)
  4 skeletal warriors
  3 lindwurms (Volcano)
  2 ugly things
  An oklob plant (D:9)
  2 smoke demons (Volcano)
  An eye of devastation (Gauntlet)
  A cane toad (Lair:1)
  An ice statue (Gauntlet)
  A black mamba (Lair:1)
  2 gargoyles (Gauntlet)
  An unseen horror (D:10)
  3 komodo dragons (Lair:1)
  6 trolls
  A polar bear (Lair:1)
  A wraith (D:10)
  A spriggan (shapeshifter) (D:11)
  A basilisk (D:11)
  5 yaks (D:9)
  A wyvern (D:8)
  3 steam dragons (Volcano)
  Menkaure (D:4)
  5 wargs (Orc:2)
  2 acid dragons
  4 water moccasins
  A floating eye (Gauntlet)
  An ice beast (D:3)
  A black bear (D:5)
  12 orc warriors
  3 wolves (Lair:1)
  4 ogres
  3 centaurs
  A phantom (D:5)
  6 bullfrogs
  A kobold brigand (D:9)
  A gnoll sergeant (D:9)
  A necrophage (D:6)
  4 scorpions (D:6)
  3 wights (D:8)
  A warg zombie (Orc:2)
  8 killer bees
  13 jellies
  3 hounds
  18 orc priests
  Crazy Yiuf (D:2)
  A gnoll shaman (D:8)
  6 iguanas
  Natasha (D:4)
  14 orc wizards
  Terence (D:2)
  Robin (D:2)
  7 adders
  13 gnolls
  2 shadow imps
  4 white imps
  3 dart slugs
  62 orcs
  8 ball pythons
  9 bats
  10 endoplasms
  6 giant cockroaches
  21 goblins
  13 hobgoblins
  4 jackals
  15 kobolds
  4 quokkas
  5 frilled lizards
  2 rats (D:3)
364 creatures vanquished.

Vanquished Creatures (collateral kills)
  A komodo dragon (Lair:1)
  A hornet (D:8)
  2 steam dragons (Volcano)
  A water moccasin (Lair:1)
  A warg (Orc:2)
  A hell hound (Volcano)
  An ice beast (D:7)
  3 orc warriors (D:9)
  2 killer bees (D:10)
  A hound (D:6)
  2 orc priests (Orc:2)
  A gnoll (D:8)
  12 orcs
29 creatures vanquished.

Vanquished Creatures (others)
  An ugly thing zombie (D:11)
  A rime drake (Gauntlet)
  A black mamba zombie (Lair:1)
  A hell hound zombie (Volcano)
  2 warg zombies (Orc:2)
  A troll zombie (D:9)
  2 wolf zombies (Lair:1)
  A bullfrog zombie (Lair:1)
  An orc priest (Orc:1)
  An ogre zombie (Orc:2)
  4 steam dragon zombies (Volcano)
  3 jelly zombies (D:9)
  2 endoplasm zombies (D:9)
  4 gnoll zombies
  A kobold zombie (D:9)
  25 orc zombies
  8 fungi (D:9)
  4 plants (Lair:1)
63 creatures vanquished.

Grand Total: 456 creatures vanquished

Notes
Turn   | Place    | Note
-------+----------+-------------------------------------------
     0 | D:1      | porpoise the Demonspawn Fighter began the quest for the
                  | Orb.
     0 | D:1      | Reached XP level 1. HP: 18/18 MP: 1/1
   175 | D:1      | Reached skill level 2 in Polearms
   244 | D:1      | Gained mutation: You are partially covered in sharp spines.
                  | [demonic ancestry]
   244 | D:1      | Reached XP level 2. HP: 24/24 MP: 2/2
   272 | D:1      | Found a faded altar of an unknown god.
   908 | D:1      | Reached XP level 3. HP: 29/29 MP: 3/3
   941 | D:2      | Reached skill level 3 in Polearms
   966 | D:2      | Noticed Robin
   996 | D:2      | Killed Robin
  1254 | D:2      | Identified the +11 hand axe "Leoc Zie" {flame, *Corrode
                  | Will+ Dex+3}
  1496 | D:2      | Gained mutation: You are partially covered in molten
                  | scales. (AC +2) [demonic ancestry]
  1496 | D:2      | Reached XP level 4. HP: 37/37 MP: 4/4
  1604 | D:2      | Noticed Terence
  1613 | D:2      | Killed Terence
  1763 | D:2      | Found a runed translucent door.
  1764 | D:2      | Noticed Crazy Yiuf
  1769 | D:2      | Killed Crazy Yiuf
  1770 | D:2      | Reached skill level 4 in Polearms
  1770 | D:2      | Gained mutation: You have a pair of small horns on your
                  | head. [demonic ancestry]
  1770 | D:2      | Reached XP level 5. HP: 29/42 MP: 5/5
  2189 | D:2      | Found a snail-covered altar of Cheibriados.
  2372 | D:3      | Noticed an ice beast
  2376 | D:3      | Killed an ice beast
  2377 | D:3      | Gained mutation: You are mostly covered in molten scales.
                  | (AC +3) [demonic ancestry]
  2377 | D:3      | Reached XP level 6. HP: 35/49 MP: 6/6
  2687 | D:3      | Reached skill level 5 in Polearms
  3064 | D:4      | Found the brooch of Shielding {Spirit SH+8}
  3097 | D:4      | Noticed Menkaure
  3108 | D:4      | Killed Menkaure
  3109 | D:4      | Reached skill level 5 in Fighting
  3305 | D:4      | Found a stormy altar of Qazlal.
  3709 | D:4      | Noticed Natasha
  3718 | D:4      | Killed Natasha
  3719 | D:4      | Reached XP level 7. HP: 52/56 MP: 5/7
  3857 | D:4      | Reached skill level 6 in Polearms
  4150 | D:4      | Found a runed translucent gate.
  4150 | D:4      | Found a runed translucent gate.
  4152 | D:4      | Found a runed translucent gate.
  4153 | D:4      | Noticed snackwell's ghost (amateur MfTm)
  4202 | D:5      | Entered Level 5 of the Dungeon
  4258 | D:5      | Found a snail-covered altar of Cheibriados.
  4477 | D:5      | Reached skill level 7 in Polearms
  4525 | D:5      | Gained mutation: You have a pair of horns on your head.
                  | [demonic ancestry]
  4525 | D:5      | Reached XP level 8. HP: 64/64 MP: 8/8
  5122 | D:6      | Found a staircase to the Ecumenical Temple.
  5131 | Temple   | Entered the Ecumenical Temple
  5200 | Temple   | Became a worshipper of Yredelemnul the Dark
  5237 | D:6      | Identified the +6 short sword "Niypinur" {vorpal, rF+ rN+++
                  | Int-2}
  5243 | D:6      | Reached * piety under Yredelemnul
  5244 | D:6      | Reached skill level 8 in Polearms
  5281 | D:6      | Found a shadowy altar of Dithmenos.
  5470 | D:6      | Reached ** piety under Yredelemnul
  6023 | D:7      | Found an opulent altar of Gozag.
  6436 | D:7      | Reached skill level 9 in Polearms
  6520 | D:7      | Gained mutation: You are mostly covered in sharp spines.
                  | [demonic ancestry]
  6520 | D:7      | Reached XP level 9. HP: 72/72 MP: 9/9
  6667 | D:7      | Found Xusi's Assorted Antiques.
  6689 | D:7      | Bought a scroll labelled PUTZUA IMIEGODE for 28 gold pieces
  6689 | D:7      | Bought a bone wand for 112 gold pieces
  6869 | D:8      | Reached skill level 1 in Dodging
  6869 | D:8      | Reached skill level 1 in Invocations
  7114 | D:8      | Found a hide-covered altar of Uskayaw.
  7149 | D:8      | Found an ornate altar of the Wu Jian Council.
  7185 | D:8      | Found an ancient bone altar of Kikubaaqudgha.
  7195 | D:8      | Reached skill level 10 in Polearms
  7196 | D:8      | Paralysed by a hornet for 2 turns
  7406 | D:8      | Noticed Gastronok
  7424 | D:8      | Killed Gastronok
  7425 | D:8      | Reached XP level 10. HP: 23/79 MP: 4/13
  7689 | D:8      | Found Awkaejar's Superior Scales.
  7873 | D:8      | Found a shimmering altar of Xom.
  7875 | D:8      | Found a hazy altar of Hepliaklqana.
  7876 | D:8      | Noticed a hell beast
  8142 | D:9      | Reached skill level 5 in Dodging
  8142 | D:9      | Reached skill level 5 in Invocations
  8164 | D:9      | Reached skill level 11 in Polearms
  8243 | D:9      | Reached skill level 1 in Axes
  8244 | D:9      | Reached *** piety under Yredelemnul
  8295 | D:9      | Learned a level 4 spell: Anguish
  8316 | D:9      | Found a staircase to the Orcish Mines.
  8324 | D:9      | Reached **** piety under Yredelemnul
  8325 | D:9      | Reached ***** piety under Yredelemnul
  8667 | D:9      | Noticed a two-headed ogre
  8675 | D:9      | Killed a two-headed ogre
  8720 | D:9      | Reached skill level 5 in Armour
  8757 | D:9      | Noticed an oklob plant
  8760 | D:9      | Reached ****** piety under Yredelemnul
  8794 | D:9      | Killed an oklob plant
  8795 | D:9      | Gained mutation: You are completely covered in molten
                  | scales. (AC +4, rF+) [demonic ancestry]
  8795 | D:9      | Reached XP level 11. HP: 70/84 MP: 13/16
  8948 | D:9      | Learned a level 2 spell: Blink
  9195 | D:10     | Entered Level 10 of the Dungeon
  9195 | D:10     | Noticed a two-headed ogre
  9221 | D:10     | Noticed a two-headed ogre
  9229 | D:9      | Killed a two-headed ogre
  9309 | D:10     | Killed a two-headed ogre
  9310 | D:10     | Reached skill level 5 in Axes
  9388 | D:10     | Found a blossoming altar of Fedhas.
  9773 | D:10     | Found a burning altar of Makhleb.
  9773 | D:10     | Noticed a balrug
  9927 | D:11     | Noticed a white ugly thing
  9942 | D:11     | Killed a white ugly thing
 10133 | D:11     | Found a staircase to the Lair.
 10192 | D:11     | Noticed a four-headed hydra
 10198 | D:11     | Noticed a skeletal warrior
 10199 | D:11     | Killed a one-headed hydra
 10200 | D:11     | Reached skill level 5 in Shields
 10201 | D:11     | Noticed a skeletal warrior
 10207 | D:11     | Noticed a skeletal warrior
 10208 | D:11     | Noticed a skeletal warrior
 10231 | D:10     | Killed a skeletal warrior
 10845 | D:11     | Killed a skeletal warrior
 10846 | D:11     | Reached skill level 1 in Evocations
 10846 | D:11     | Killed a skeletal warrior
 10951 | D:11     | Killed a skeletal warrior
 11040 | Lair:1   | Entered Level 1 of the Lair of Beasts
 11245 | Lair:1   | Found a gate leading to a gauntlet.
 11255 | Gauntlet | Entered a Gauntlet
 11255 | Gauntlet | Noticed a catoblepas
 11255 | Gauntlet | Found a transporter.
 11267 | Gauntlet | Found a transporter.
 11269 | Gauntlet | Found a transporter.
 11270 | Gauntlet | Found a transporter.
 11276 | Gauntlet | Found a runed translucent gate.
 11276 | Gauntlet | Found a runed translucent gate.
 11276 | Gauntlet | Found a runed translucent gate.
 11278 | Gauntlet | Found a transporter.
 11281 | Gauntlet | Found a transporter.
 11282 | Gauntlet | Found a transporter.
 11290 | Gauntlet | Found a transporter.
 11293 | Gauntlet | Found a transporter.
 11294 | Gauntlet | Found a transporter.
 11296 | Gauntlet | Noticed a great orb of eyes
 11302 | Gauntlet | Found a transporter.
 11305 | Gauntlet | Found a transporter.
 11306 | Gauntlet | Found a transporter.
 11314 | Gauntlet | Noticed a catoblepas
 11317 | Gauntlet | Found a transporter.
 11345 | Gauntlet | Noticed a cyan ugly thing
 11416 | Gauntlet | Reached XP level 12. HP: 93/94 MP: 18/18
 11420 | Gauntlet | Killed a catoblepas
 11763 | Gauntlet | Learned a level 3 spell: Portal Projectile
 11794 | Gauntlet | Noticed a minotaur
 11809 | Gauntlet | Killed a minotaur
 11810 | Gauntlet | Reached skill level 12 in Polearms
 11822 | Gauntlet | Identified the +0 leather armour of the Tormentor {+Inv Fly
                  | rCorr Dex+3}
 12004 | Lair:1   | Reached skill level 1 in Spellcasting
 12360 | Lair:1   | Noticed an eight-headed hydra
 12367 | Lair:1   | Killed a five-headed hydra
 12368 | Lair:1   | Reached skill level 5 in Evocations
 12372 | Lair:1   | Identified the +5 ring mail of Parlour Games {Str+4}
 12480 | Lair:1   | Noticed Harold
 12497 | Lair:1   | Killed Harold
 13068 | Orc:1    | Entered Level 1 of the Orcish Mines
 13108 | Orc:1    | Found a dark tunnel.
 13114 | Volcano  | Entered a volcano
 13557 | Volcano  | Noticed a fire dragon
 13562 | Volcano  | Killed a fire dragon
 13563 | Volcano  | Reached skill level 10 in Fighting
 13791 | Orc:2    | Entered Level 2 of the Orcish Mines
 13791 | Orc:2    | Found a staircase to the Elven Halls.
 14338 | D:8      | Bought the +7 scale mail "Zolef" {rCorr Dex+3 SInv} for 931
                  | gold pieces
 14859 | Orc:2    | Found Aludixeu's Antique Armour Boutique.
 14894 | Orc:2    | Noticed an orc high priest
 14897 | Orc:2    | Noticed an orc high priest
 14909 | Orc:2    | Noticed an orc high priest
 14910 | Orc:2    | Noticed an orc high priest
 14912 | Orc:2    | Killed an orc high priest
 14913 | Orc:2    | Reached XP level 13. HP: 56/104 MP: 9/19
 14937 | Orc:2    | Killed from afar by an orc high priest

Illustrated notes

Levels and vault maps discovered:
D:1:      dpeg_arrival_oval, layout_loops_cross,
          shapermc_ecumenical_altar_starsandcircs
D:2:      layout_loops_ring, basic_altar, grunt_ministairs_6,
          supply_closet_lemuel, uniq_robin, uniq_terence,
          uniq_crazy_yiuf_cottage
D:3:      layout_loops_ring, kennysheep_crisscross, serial_bayou_crossing
D:4:      layout_basic, nicolae_qazlal_scattered_showers,
          gammafunk_ghost_necromancy, minmay_quadrilaterals, uniq_natasha,
          uniq_menkaure
D:5:      layout_loops_cross, kennysheep_little_box
D:6:      layout_basic, nicolae_dithmenos_through_a_glass_darkly,
          minmay_temple_entry_overgrown
D:7:      layout_loops_ring, grunt_gozag_statues, serial_shops, shop,
          nicolae_underground_beach
D:8:      layout_basic, regret_index_temple_of_mockery, minitemple,
          kiku_gazebo_pond_becter, kennysheep_mini_moat,
          nicolae_elyvilon_peaceful_grove, hellmonk_scale_shop, uniq_gastronok
D:9:      lemuel_slime, layout_irregular_city, david_orc_5
D:10:     layout_rooms, fedhas_bush_and_centaur_altar, makhleb_altar_promises_db
D:11:     lemuel_flame_loot_2, layout_basic, lair_entry_dummy
Temple:   nicolae_temple_figure_zero
Lair:1:   layout_layer_cave, gauntlet_entry_generic, uniq_harold
Orc:1:    layout_caves, nicolae_volcano_entry_s_turn
Orc:2:    st_orc_town, layout_caves

Skill      XL: |  1  2  3  4  5  6  7  8  9 10 11 12 13 |
---------------+----------------------------------------+-----
Polearms       | 2 3 4 5 7 9 10 11 12 | 12.2
Fighting       | 4 5 6 7 8 10 | 10.5
Dodging        | 4 5 |  5.0
Invocations    | 4 6 9 |  9.0
Armour         | 5 |  5.0
Axes           | 4 5 6 7 |  7.0
Shields        | 3 5 |  5.0
Evocations     | 3 5 |  5.0
Spellcasting   | 4 |  4.8

Action                   |  1- 3 |  4- 6 |  7- 9 | 10-12 | 13-15 || total
-------------------------+-------+-------+-------+-------+-------++-------
Melee: Trident           |    94 |       |     4 |    12 |       ||   110
       Hand axe          |     3 |    81 |   147 |   407 |     2 ||   640
       Headbutt          |       |     5 |    24 |   106 |     1 ||   136
 Fire: Hunting sling     |       |     6 |    24 |    27 |       ||    57
Throw: Boomerang         |       |     2 |     2 |       |       ||     4
Invok: Dark Bargain      |       |       |     1 |     4 |       ||     5
       Recall Undead Har |       |       |       |     2 |       ||     2
Evoke: Wand              |       |       |       |     8 |     1 ||     9
       Tin of tremorston |       |       |       |     2 |     1 ||     3
  Use: Scroll            |       |     3 |    15 |     6 |     2 ||    26
       Potion            |       |       |       |     3 |     1 ||     4
 Stab: Distracted        |       |       |     1 |     8 |       ||     9
       Sleeping          |       |       |       |     1 |       ||     1
Armor: Scale mail        |    43 |    23 |    42 |    30 |     3 ||   141
       Skin              |       |     1 |       |       |       ||     1
       Ring mail         |       |       |       |    58 |       ||    58
       Leather armour    |       |       |       |    21 |       ||    21
Dodge: Dodged            |    31 |    14 |    31 |   135 |       ||   211
Block: Buckler           |    14 |    18 |    71 |   255 |     2 ||   360

Table legend: (Time is in decaauts)
 A = Elapsed time spent in this place.
 B = Non-inter-level travel time spent in this place.
 C = Inter-level travel time spent in this place.
 D = Time resting spent in this place.
 E = Time spent auto-exploring this place.
 F = Levels seen in this place.
 G = Mean time per level.
                   A        B        C        D        E       F      G
               +--------+--------+--------+--------+--------+-----+--------+
         Total |  14948 |  14296 |    652 |   4159 |   6940 |  17 |  879.3 |
       Dungeon |  11292 |  10722 |    570 |   3443 |   5431 |  11 | 1026.5 |
        Temple |     80 |     69 |     11 |      0 |     57 |   1 |   80.0 |
          Lair |   1364 |   1296 |     68 |     15 |    939 |   1 | 1364.0 |
  Orcish Mines |   1053 |   1051 |      2 |    130 |    363 |   2 |  526.5 |
       Volcano |    535 |    535 |      0 |    271 |     37 |   1 |  535.0 |
      Gauntlet |    621 |    621 |      0 |    300 |    113 |   1 |  621.0 |
               +--------+--------+--------+--------+--------+-----+--------+

Top non-repeatable levels by time:
     D:9: 1484 daAuts
  Lair:1: 1364 daAuts
     D:2: 1352 daAuts
     D:4: 1210 daAuts
     D:8: 1165 daAuts
     D:7: 1074 daAuts
     D:1: 948 daAuts
    D:11: 936 daAuts
    D:10: 891 daAuts
     D:6: 772 daAuts
     D:3: 732 daAuts
     D:5: 724 daAuts
Gauntlet: 621 daAuts
 Volcano: 535 daAuts
   Orc:2: 534 daAuts
